 Dungeon Crawl Stone Soup version 0.13-b1-54-gfe00c74 (webtiles) character file.

156 Lilouch the Skirmisher (level 3, 0/30 HPs)
             Began as a Mummy Fighter on Oct 10, 2013.
             Slain by an adder (2 damage)
             ... on Level 3 of the Dungeon.
             The game lasted 00:12:26 (7302 turns).

Lilouch the Skirmisher (Mummy Fighter)              Turns: 7302, Time: 00:12:26

HP   0/30        AC  6     Str 20      XL: 3   Next: 82%
MP   2/2         EV  6     Int  7      God:
Gold 96          SH 18     Dex 11      Spells:  0 memorised,  2 levels left

Res.Fire  : x . .   See Invis. : .   a - +0 falchion
Res.Cold  : + . .   Warding    : .   b - +0 scale mail
Life Prot.: + + +   Conserve   : .   c - +0 shield
Res.Poison: +       Res.Corr.  : .   (no helmet)
Res.Elec. : .       Clarity    : .   (no cloak)
Sust.Abil.: . .     Spirit.Shd : .   (no gloves)
Res.Mut.  : .       Stasis     : .   (no boots)
Res.Rott. : +       Flight     : .   (no amulet)
Saprovore : . . .                    (no ring)
                                     (no ring)

@: slightly resistant to hostile enchantments, extremely unstealthy
A: no food or potions, fire vulnerability, restore body, cold resistance 1, life
protection 3, poison resistance, torment resistance, unbreathing
a: no special abilities


You were on level 3 of the Dungeon.
You were not hungry.

You visited 1 branch of the dungeon, and saw 3 of its levels.

You collected 76 gold pieces.

Inventory:

Hand weapons
 a - a +0,+0 falchion (weapon)
 i - a +0,+0 spear
 l - a -1,+0 orcish club
 o - a +0,+0 club
 p - a +0,+0 club
 q - a -1,+1 orcish club
 r - a +0,+0 club
 t - a +0,+0 club
 u - a +0,+0 club
 y - a +0,+0 club
 A - a +0,+0 dagger
 C - a +0,+0 orcish club
 G - a +0,+0 dagger
Missiles
 g - 35 arrows
 h - 3 darts (quivered)
Armour
 b - a +0 scale mail (worn)
 c - a +0 shield (worn)
 z - a +0 scale mail
 H - a +0 steam dragon armour
Comestibles
 E - a bread ration
Scrolls
 e - 3 scrolls of curse jewellery {unknown}
 f - a scroll of magic mapping {unknown}
 k - a scroll of random uselessness {unknown}
 m - 2 scrolls of remove curse {unknown}
 n - a scroll of identify {unknown}
 v - a scroll of blinking {unknown}
 B - a scroll of enchant weapon II {unknown}
Jewellery
 j - an uncursed ring of invisibility {unknown}
 w - a +1 ring of dexterity {unknown}
Potions
 d - a potion of confusion {unknown}
 s - 2 potions of curing {unknown}
 x - a potion of heal wounds {unknown}
 D - a potion of restore abilities {unknown}
 F - a potion of invisibility {unknown}


   Skills:
 - Level 3.1 Fighting
 * Level 2.7 Long Blades
 + Level 3.0 Armour
 - Level 2.6 Shields


You had 2 spell levels left.
You didn't know any spells.

Dungeon Overview and Level Annotations

Branches:
Dungeon (3/27)

Altars:

Annotations:
D:2 Sigmund


Innate Abilities, Weirdness & Mutations

You do not eat or drink.
Your flesh is vulnerable to fire.
Your flesh is cold resistant.
You are immune to negative energy.
Your system is resistant to poisons.
You are immune to unholy pain and torment.
You can survive without breathing.


Message History

The adder is severely wounded.
The adder barely misses you. You block the adder's attack.
The adder closely misses you. The adder bites you.
* * * LOW HITPOINT WARNING * * *
You hit the adder.
You kill the adder!
Your Armour skill increases to level 3!
The adder bites you but does no damage. You block the adder's attack.
Your shield and scale mail prevent you from hitting the adder.
The adder bites you but does no damage. You block the adder's attack.
You closely miss the adder. The adder bites you.
* * * LOW HITPOINT WARNING * * *
You block the adder's attack. The adder barely misses you.
You miss the adder. The adder bites you.
* * * LOW HITPOINT WARNING * * *
You block the adder's attack. The adder bites you but does no damage.
The adder bites you.
You die...

..
.######
.....
....
..# #.#
#S# #@#
#S# #..
(...
...##
....#
..###
... .


You could see 2 adders.

Vanquished Creatures
  Terence (D:2)
  An adder (D:3)
  A giant gecko (D:1)
  An ooze (D:2)
  3 giant cockroaches
  7 hobgoblins
  3 jackals (D:2)
  A quokka (D:1)
  A ball python (D:1)
  2 bats (D:1)
  2 giant newts
  4 goblins
  6 kobolds
  A kobold skeleton (D:1)
  A rat (D:1)
35 creatures vanquished.

Notes
Turn   | Place    | Note
--------------------------------------------------------------
     0 | D:1      | Lilouch, the Mummy Fighter, began the quest for the Orb.
     0 | D:1      | Reached XP level 1. HP: 18/18 MP: 0/0
   348 | D:1      | Reached XP level 2. HP: 2/24 MP: 1/1
  5215 | D:1      | Reached XP level 3. HP: 30/30 MP: 2/2
  6985 | D:1      | Noticed a rock worm
  7119 | D:1      | Noticed a shadow
  7212 | D:2      | Noticed Terence
  7246 | D:2      | Killed Terence
  7269 | D:2      | Noticed Sigmund
  7302 | D:3      | Slain by an adder

Action                   || total
-------------------------++-------
Melee: Falchion          ||   144
Throw: Dagger            ||    26
       Club              ||     9
       Spear             ||     2
       Dart              ||     2
